[Event "21st IPCA World Championship 2022"]
[Site "Ashdod"]
[Date "2022.05.13"]
[Round "6.1"]
[White "Gurbanov, Andrei"]
[Black "Yarmonov, Igor"]
[Result "1/2-1/2"]
[ECO "D36"]
[WhiteElo "2302"]
[BlackElo "2394"]
[Annotator "TA"]
[PlyCount "46"]
[EventDate "2022.05.09"]
[EventType "swiss"]
[EventCountry "ISR"]
[SourceTitle "playchess.com"]
[Source "ChessBase"]
[SourceQuality "1"]
[TimeControl "5400+30"]

1. d4 d5 2. c4 e6 3. Nc3 Nf6 4. cxd5 exd5 5. Bg5 c6 6. Qc2 Nbd7 7. e3 Be7 8. Bd3 h6 {[%emt 0:05:11] 8...Nh5 is a critical line.} 9. Bf4 O-O (9... Nh5 $5 ) 10. h3 {[%emt 0:00:31] D36: Queen's Gambit Declined: Exchange Variation: Main line (5 Bg5 c6 6 Qc2).} b6 11. Nf3 c5 12. O-O {[%emt 0:01:36] White is slightly better.} Bb7 13. Rad1 {[%emt 0:02:02] [#]} c4 $146 ({Predecessor:} 13... Rc8 14. Qb1 c4 15. Bf5 a6 16. Ne5 Ra8 17. f3 b5 18. a3 Re8 19. e4 Nf8 {1-0 (28) Eynullayev,A (2347)-Cramling Bellon,A (2035) Chess.com INT 2021}) 14. Bf5 a6 15. a4 Bb4 16. Na2 {[%emt 0:01:04] 0x0.001de6014564dp-1022s more active pieces. The black rooks are badly placed.} Be7 17. Nc3 {[%emt 0:00:47] Against b5} Bb4 18. Na2 Be7 19. Ne5 b5 $1 20. b3 Nb6 21. bxc4 (21. Rfe1 $11) 21... Nxc4 (21... dxc4 $15 22. d5 Bd6) 22. Qb3 (22. Ra1 $142) 22... Nd6 (22... Qa5 $11) 23. Bd3 $14 Qa5 {[%emt 0:02:25] Weighted Error Value: White=0.20 (precise) /Black=0.17 (very precise)} 1/2-1/2

[Event "21st IPCA World Championship 2022"]
[Site "Ashdod"]
[Date "2022.05.13"]
[Round "6.2"]
[White "Obodchuk, Andrei"]
[Black "Campos, Eugenio"]
[Result "1-0"]
[ECO "B38"]
[WhiteElo "2295"]
[BlackElo "2247"]
[Annotator "TA"]
[PlyCount "179"]
[EventDate "2022.05.09"]
[EventType "swiss"]
[EventCountry "ISR"]
[SourceTitle "playchess.com"]
[Source "ChessBase"]
[SourceQuality "1"]
[TimeControl "5400+30"]

1. Nf3 Nf6 2. c4 c5 3. Nc3 Nc6 4. d4 cxd4 5. Nxd4 g6 6. e4 d6 7. Be2 Bg7 8. Be3 O-O 9. O-O Bd7 10. Qd2 a6 11. f3 Rc8 12. Nc2 Be6 13. Rac1 Re8 {[%emt 0:00:40] B38: Sicilian: Maroczy Bind with 5...Bg7 and 7...0-0.} 14. Nd5 Nd7 15. b3 {[%emt 0:03:34] [#] White is more active.} Qa5 $146 {[%emt 0:03:17] White is slightly better.} ({Predecessor:} 15... f5 16. Nf4 Bf7 17. exf5 gxf5 18. Nh3 Qa5 19. Qxa5 Nxa5 20. Ng5 Bg6 21. f4 Nc6 {1-0 (49) Gschnitzer,O (2425)-Pruefer,S (2200) Germany 2003}) 16. Qxa5 Nxa5 17. Nf4 Bh6 18. Kf2 Nc6 19. h4 Nc5 20. g4 Ne5 21. g5 Bg7 22. Rfd1 Bd7 23. Nd5 Be6 24. Bf1 Nc6 25. Nf4 Be5 26. Nd3 Nxd3+ 27. Bxd3 f5 (27... Rf8 $11) 28. exf5 $16 Bxf5 29. f4 (29. Bxf5 $16 gxf5 30. f4) 29... Rf8 $11 30. Kg3 Bb2 {[%emt 0:00:34] ...Bxd3 is the strong threat.} 31. Rb1 Bc3 32. Bxf5 Rxf5 33. Rd3 Bg7 34. Nd4 Bxd4 35. Bxd4 Rcf8 36. Be3 b5 37. cxb5 axb5 38. Bd2 Ra8 39. Rb2 Kf7 40. Kg4 Ra6 41. h5 b4 42. hxg6+ hxg6 43. Be3 Rfa5 44. Rdd2 Ke6 45. Rh2 Rd5 46. Rbe2 Kf7 47. Rh7+ Kg8 48. Rh6 Kg7 49. Bc1 Rd1 50. Bb2+ Kf7 51. Rh7+ Kf8 52. Rh8+ Kf7 53. Rc8 Rg1+ 54. Kf3 Rf1+ 55. Kg3 Rg1+ 56. Kf2 Rh1 57. Kg2 Rb1 58. Bh8 Rc1 {[%emt 0:00:23] Against Rc2} 59. Rc7 Rc5 60. Bf6 Rca5 $2 (60... Kf8 $11) 61. Bxe7 $18 Rxa2 $2 (61... Ra7 62. Bxd6+ (62. Rxc6 Rxa2 63. Rxa2 Rxa2+ 64. Kf3 Kxe7 $16) 62... Rxc7 63. Bxc7 Rd5) 62. Bxd6+ Kg8 63. Rxa2 Rxa2+ {[%emt 0:00:08][%mdl 4096] Endgame KRB-KRN} 64. Kf3 $2 (64. Kh3 $1 $18 {is the precise move to win.} Nd4 65. Be5 (65. Bxb4 Rb2 $16)) 64... Nd4+ $16 65. Ke4 Nxb3 66. Be5 ({Don't do} 66. Rc8+ Kf7) 66... Nd2+ {[%emt 0:02:02] [#]} 67. Kd3 (67. Kd5 $1 $16) 67... b3 68. Rb7 {[%emt 0:01:29] And now Bc3 would win.} Nf3 $1 69. Bc3 Ra4 70. f5 Nxg5 (70... gxf5 71. g6 Ra8 72. Rg7+ (72. Rxb3 Re8 $11) 72... Kf8 73. Rh7 $18 (73. Rf7+ Kg8 $18)) (70... Ra6 $1 $11 {deserves consideration.}) 71. fxg6 Ra8 {[%emt 0:00:32] Against Rb8+} 72. Bf6 Ne6 73. Ke3 (73. Rh7 $16 Nf4+ 74. Ke4 Nxg6 75. Rg7+ Kf8 76. Rxg6) 73... Re8 $11 {[%emt 0:01:32] Strongly threatening ...Nc5+.} 74. Kd2 {[%emt 0:01:23] White wants to mate with Rh7.} Rf8 75. Bc3 {[%emt 0:00:45] Rh7 would kill now.} Rd8+ 76. Kc1 Nd4 (76... Rd3 $11) 77. Kb2 $16 Rd6 78. Rb8+ Kg7 79. Rb4 Kxg6 80. Bxd4 {[%emt 0:00:02] KRB-KR} Kf5 81. Kxb3 Rd5 82. Kc3 Ke4 83. Rb8 Rd7 84. Re8+ Kf3 85. Kd3 Rd6 86. Rf8+ Kg4 87. Ke4 Re6+ 88. Be5 {[%emt 0:00:05] Intending Rg8+ and mate.} Re7 89. Rg8+ Kh3 $2 {[%emt 0:00:14][%mdl 8192] [#]} (89... Kh4 $16) 90. Kf3 $1 {[%emt 0:00:34] Weighted Error Value: White=0.05 (flawless) /Black=0.15 (very precise)} 1-0

[Event "21st IPCA World Championship 2022"]
[Site "Ashdod"]
[Date "2022.05.13"]
[Round "6.3"]
[White "Mikheev, Stanislav"]
[Black "Babanov, Aleksandr"]
[Result "1/2-1/2"]
[ECO "A42"]
[WhiteElo "2333"]
[BlackElo "1929"]
[Annotator "TA"]
[PlyCount "110"]
[EventDate "2022.05.09"]
[EventType "swiss"]
[EventCountry "ISR"]
[SourceTitle "playchess.com"]
[Source "ChessBase"]
[SourceQuality "1"]
[TimeControl "5400+30"]

1. d4 g6 2. c4 Bg7 3. Nf3 d6 4. Nc3 Nd7 5. e4 e5 6. Bg5 {[%emt 0:01:00] A42: Modern Defence: Averbakh Variation.} Ne7 7. Qd2 exd4 8. Nxd4 {[%emt 0:03:01] [#] And now Nd5 would win. White is slightly better.} Nf6 $146 (8... Nc5 $14) ({Predecessor:} 8... Ne5 9. Nd5 f6 10. Nxf6+ Bxf6 11. Bxf6 O-O 12. Qg5 Rf7 13. Be2 Qf8 14. Bxe7 Rxe7 {0-1 (23) Ataide,G (1419)-Da Costa,C (1549) Sao Paulo 2019}) 9. Be2 Bd7 10. O-O-O h6 11. Bf4 Ng4 (11... Nc6 $142) 12. Bxg4 Bxg4 13. f3 Bd7 14. Rhe1 g5 15. Bg3 O-O 16. h4 {[%emt 0:11:30] 0x0.002d057a1eaddp-1022s more active pieces. The black rooks are badly placed.} Ng6 17. hxg5 $2 (17. Nf5 $16) 17... Qxg5 $2 (17... Bxd4 $17 18. Nd5 Bh8 19. gxh6 Kh7) 18. Nde2 (18. Bf2 $16) 18... Qxd2+ (18... Bxc3 $11 {keeps the balance.} 19. Qxg5 Bxb2+ 20. Kxb2 hxg5) 19. Rxd2 $16 Be6 20. Nd5 Bxd5 21. Rxd5 Ne7 22. Rb5 b6 23. Bh4 (23. Rh5 $16) 23... Ng6 $14 24. Bf2 Ne5 {[%emt 0:00:24] Strongly threatening ...f5.} 25. Kc2 Nxc4 26. Bd4 (26. Ng3 $11) 26... Ne5 (26... c5 $15 27. Bxg7 Kxg7) 27. f4 ({White should play} 27. Bxe5 $11 Bxe5 28. f4) 27... Nc6 (27... Ng4 $15) 28. Bxg7 $11 Kxg7 29. Kc3 (29. Kd2 $11) 29... Rae8 $15 30. Ng3 Re6 (30... Rg8 $17 31. Nh5+ Kf8) 31. Rh5 (31. Nh5+ $11 Kh8 32. f5) 31... Rh8 (31... Rg8 $17) 32. Nf5+ $11 Kf8 33. g4 Ne7 {[%emt 0:11:03][%cal Oe7d5] Hoping for ...Nd5+!} 34. Kd3 {[%emt 0:01:41] [#]} (34. Kd2 $11) 34... Nd5 $1 $15 35. Rf1 Nf6 36. Rxh6 Rxh6 37. Nxh6 Nxe4 {[%emt 0:00:20][%mdl 4096] Endgame ...Nc5+ is the strong threat. KRN-KRN} ({But not} 37... Rxe4 38. g5 Nh5 39. Rh1 $16) 38. g5 ({White should try} 38. Nf5 $15) 38... Nc5+ $17 39. Kd2 d5 40. Ng4 Ne4+ 41. Kc2 (41. Kd3 $142) 41... c5 (41... Rc6+ $142 42. Kd3 Rc4) 42. Rh1 (42. Ne3 $17) 42... Kg7 43. Rh3 {[%emt 0:10:43] Inhibits Ng3.} d4 44. Nh6 $2 (44. Ne5 $17 {is more resistant.}) 44... c4 $2 ({Better is} 44... Nf2 $19 45. Nf5+ Kg8) 45. Nf5+ $11 Kg8 46. Nxd4 Rd6 47. Nf5 Rd2+ 48. Kc1 {[%emt 0:00:03] Black must now prevent Re3.} Rf2 49. Ne7+ Kg7 50. Nd5 Rf1+ 51. Kc2 Rf2+ 52. Kc1 Rf1+ 53. Kc2 Rf2+ 54. Kc1 Rf1+ 55. Kc2 Rf2+ {[%emt 0:00:28] Weighted Error Value: White=0.48/Black=0.35} 1/2-1/2

[Event "21st IPCA World Championship 2022"]
[Site "Ashdod"]
[Date "2022.05.13"]
[Round "6.4"]
[White "Valenta, Vit Vaclav"]
[Black "Zilberman, Yaacov"]
[Result "0-1"]
[ECO "B80"]
[WhiteElo "2014"]
[BlackElo "2315"]
[Annotator "TA"]
[PlyCount "136"]
[EventDate "2022.05.09"]
[EventType "swiss"]
[EventCountry "ISR"]
[SourceTitle "playchess.com"]
[Source "ChessBase"]
[SourceQuality "1"]
[TimeControl "5400+30"]

1. e4 c5 2. Nc3 e6 3. Nge2 Nc6 4. d4 cxd4 5. Nxd4 d6 6. g3 Nf6 7. Bg2 Bd7 8. O-O a6 9. a4 Be7 10. Be3 O-O 11. Nxc6 Bxc6 12. Qe2 Rc8 13. Rfd1 {[%emt 0:01:24] B80: Sicilian Scheveningen: 6 g3 and 6 Be3, including English Attack.} Qc7 {[%emt 0:00:53] [#]} 14. Rac1 $146 ({Predecessor:} 14. a5 Nd7 15. f4 Bf6 16. Qd2 Bxc3 17. Qxc3 Rfe8 18. Qb4 d5 19. e5 Bb5 20. c3 {½-½ (54) Quesada Perez,Y (2636)-Saric,I (2668) Monzon 2016}) 14... Rfd8 15. Rd2 {[%emt 0:04:12] The position is equal.} Qa5 16. Rcd1 h6 17. Rd4 e5 18. b4 Qc7 19. R4d2 Bd7 20. Rd3 Be6 $36 {[%emt 0:01:21][%mdl 2048] Black is pushing.} 21. a5 Bc4 22. Bb6 Bxd3 23. Rxd3 Qc4 {[%emt 0:02:07] Hoping for ...Rf8.} 24. Bxd8 Rxd8 (24... Bxd8 $17 25. Nd1 (25. Bh3 Rb8 $17) 25... Qxb4) 25. Bh3 (25. Nd1 $11) 25... Qxb4 $17 26. Nd5 Nxd5 27. Rxd5 b5 ({Better is} 27... g6 $17) 28. axb6 $1 $11 Qxb6 29. Bf1 Ra8 30. Qc4 g6 31. Qb3 Qc7 32. Qc4 ({White should play} 32. Rd3 $11) 32... Qxc4 $15 33. Bxc4 {[%emt 0:00:01][%mdl 4096] Endgame KRB-KRB} a5 $1 34. Rd3 Ra7 35. Bd5 Kg7 36. Ra3 Bd8 37. Ra4 (37. Rb3 $15) 37... Bb6 $17 38. Kg2 Bc5 39. c3 h5 40. Bc6 Rc7 41. Bb5 Bb6 42. c4 f5 43. f3 fxe4 44. fxe4 Rf7 45. Ra2 {[%emt 0:00:00] Prevents Rf2+.} g5 46. Rd2 Rf6 47. Bc6 Bc5 48. Rb2 {[%emt 0:00:00] [#]} (48. h3 $142) 48... Kh6 (48... g4 $142 $1 49. h4 Rf3) 49. h3 g4 50. hxg4 hxg4 51. Bd7 (51. Ra2 $142) 51... Kg5 (51... Rf7 $142 52. Be8 Rf3) 52. Rb8 $2 (52. Ra2 $17) 52... Rf2+ $19 53. Kh1 Ra2 54. Ra8 Kf6 55. Bc6 Ke7 {[%emt 0:01:50] Prevents Rf8.} 56. Re8+ {[%emt 0:00:31] [#]} Kf7 $1 57. Ra8 Kg7 {[%emt 0:00:49] Black is more active.} 58. Bd7 Bf2 59. Bc6 $2 (59. Bxg4 $17 Kf6 60. c5 dxc5 61. Ra6+ Kg5 62. Be6) 59... Bxg3 {[%emt 0:00:54] White must now prevent ...Bf4.} 60. Bd5 Bf2 (60... Kf6 $19 {Threatens to win with ...Bf4.} 61. Rg8 Bf2) 61. Rg8+ (61. c5 $17 Ra1+ 62. Kg2 Bxc5 63. Kg3) 61... Kh7 {[%emt 0:00:50] And now ...Bc5 would win.} 62. Rxg4 $2 (62. c5 Ra1+ 63. Kg2 Bxc5 64. Rxg4) 62... Bc5 63. Rg8 a4 64. Ra8 a3 65. Be6 Rb2 66. Bf5+ Kg7 67. Rd8 a2 68. Rd7+ Kf6 {[%emt 0:00:30] Weighted Error Value: White=0.22 (precise) /Black=0.14 (very precise)} 0-1

[Event "21st IPCA World Championship 2022"]
[Site "Ashdod"]
[Date "2022.05.13"]
[Round "6.5"]
[White "Srimskov, Elishar"]
[Black "Lipilin, Ilia"]
[Result "0-1"]
[ECO "C40"]
[WhiteElo "1992"]
[BlackElo "2198"]
[Annotator "TA"]
[PlyCount "70"]
[EventDate "2022.05.09"]
[EventType "swiss"]
[EventCountry "ISR"]
[SourceTitle "playchess.com"]
[Source "ChessBase"]
[SourceQuality "1"]
[TimeControl "5400+30"]

1. Nf3 f5 2. d3 Nc6 3. e4 e5 4. Nc3 Nf6 5. Bg5 Bb4 6. Be2 {[%emt 0:03:07] C40: Latvian and Elephant Gambits.} O-O 7. O-O Bxc3 8. bxc3 {[%emt 0:00:09] Black is slightly better.} h6 {[%emt 0:00:42] [#]} 9. Bc1 $146 ({Predecessor:} 9. Bxf6 Qxf6 10. exf5 d6 11. Rb1 Rb8 12. Nd2 Bxf5 13. Bf3 Nd8 14. Bd5+ Be6 15. Ne4 {0-1 (32) Ellenbroek,T (2117)-Naes,F (2223) Hoogeveen 2001}) 9... d6 10. exf5 Bxf5 11. Nh4 Be6 (11... Bh7 $5 12. Bb2 Nd7 $11) 12. Ng6 Re8 13. f4 Nd5 (13... e4 {was preferrable.}) 14. Qe1 ({But not} 14. fxe5 Nxc3 15. Qe1 Nxe2+ 16. Qxe2 Bf7 $17) (14. Bd2 $142) 14... exf4 (14... Bf7 {should be considered.} 15. f5 e4) 15. Nxf4 $11 Nxf4 16. Rxf4 Qe7 17. Bh5 Bf7 18. Qxe7 Rxe7 19. Bf3 Re1+ 20. Kf2 Rae8 21. Re4 R8xe4 22. Bxe4 Rh1 23. c4 Nb4 24. Rb1 {[%emt 0:00:00] [#]} b6 $1 25. Rxb4 Rxc1 $15 {[%emt 0:00:13][%mdl 4096] Endgame KRB-KRB} 26. Rb2 Be8 27. Ke3 Ba4 28. Kd2 Rh1 29. h3 Kf7 30. c3 Kf6 31. Ke3 Re1+ 32. Kd4 $2 {[%emt 0:00:00][%mdl 8192] This move loses the game for White.} (32. Re2 $15 Rxe2+ 33. Kxe2) 32... Ke6 $19 33. Bd5+ Kd7 34. Ba8 {[%emt 0:00:00] [#]} (34. c5 $19 dxc5+ 35. Kc4) 34... c5+ 35. Kd5 Re5# {[%emt 0:00:21] Weighted Error Value: White=0.61/Black=0.10 (very precise)} 0-1

[Event "21st IPCA World Championship 2022"]
[Site "Ashdod"]
[Date "2022.05.13"]
[Round "6.6"]
[White "Aleksandrova, Aleksandra"]
[Black "Alperovich, Asher"]
[Result "0-1"]
[ECO "A45"]
[WhiteElo "1687"]
[BlackElo "1865"]
[Annotator "NA RC COMBH"]
[PlyCount "90"]
[EventDate "2022.05.09"]
[EventType "swiss"]
[EventCountry "ISR"]
[SourceTitle "playchess.com"]
[Source "ChessBase"]
[SourceQuality "1"]
[TimeControl "5400+30"]

1. d4 Nf6 2. Nd2 d5 3. e3 c5 4. dxc5 g6 5. Nb3 Bg7 6. Nf3 O-O 7. Bd3 $11 Na6 8. Qe2 Qc7 {[%emt 0:05:29] Decoy} 9. Bxa6 bxa6 10. Bd2 Ne4 11. Ba5 Qc6 12. Nfd4 Qa4 13. Bc7 ({Better is} 13. c3 $11) 13... Bd7 14. O-O Rac8 15. f3 (15. Ba5 $1 $11) 15... Rxc7 16. fxe4 e5 17. c6 Bc8 18. Nc5 Qb4 19. Nd3 Qc4 20. b3 Qc3 21. exd5 exd4 22. e4 Re8 ({Black should try} 22... Bh6 $17 23. Kh1 Be3) 23. g4 Rce7 24. Qf3 Rxe4 25. Qxf7+ Kh8 26. h3 Qxc2 27. Nf2 R4e7 28. Qf3 Qc3 29. Qxc3 dxc3 30. d6 Rd7 31. cxd7 Bxd7 32. Rae1 Be5 33. Ne4 Kg7 34. Nc5 Bd4+ 35. Kh2 Bxc5 36. Rxe8 Bxe8 37. Re1 Bxd6+ 38. Kg2 Bc6+ 39. Kf2 c2 40. Rc1 Bc5+ 41. Ke2 Be4 42. Kd2 Ba3 43. Rxc2 Bxc2 44. Kxc2 Kf6 45. Kd3 Kg5 0-1

[Event "21st IPCA World Championship 2022"]
[Site "Ashdod"]
[Date "2022.05.13"]
[Round "6.7"]
[White "Gerasimova, Svetlana"]
[Black "Cosic, Radoslav"]
[Result "0-1"]
[ECO "B06"]
[WhiteElo "1906"]
[BlackElo "2003"]
[Annotator "TA"]
[PlyCount "76"]
[EventDate "2022.05.09"]
[EventType "swiss"]
[EventCountry "ISR"]
[SourceTitle "playchess.com"]
[Source "ChessBase"]
[SourceQuality "1"]
[TimeControl "5400+30"]

1. e4 d6 2. d4 g6 3. Nc3 Bg7 4. Be3 a6 5. Qd2 b5 6. f3 e6 {[%emt 0:01:09] B06: Modern Defence.} 7. h4 h5 8. O-O-O (8. Bg5 {keeps more tension.} Ne7 9. O-O-O Nd7 10. Nh3) 8... Nd7 {[%emt 0:00:21] White is slightly better.} 9. Nh3 (9. Bg5 {looks sharper.} Ne7 10. Kb1 c5 11. dxc5 dxc5 12. Qd6) 9... Nb6 10. Ng5 Nf6 {[%emt 0:00:50] [#]} 11. Qf2 $146 ({Predecessor:} 11. Bd3 Qe7 12. Kb1 Nfd7 13. f4 b4 14. Ne2 c5 15. dxc5 dxc5 16. e5 Bb7 17. Be4 {½-½ (48) Dvirnyy,D (2536)-Bachmann,A (2614) Barcelona 2015}) 11... O-O 12. g4 Nc4 $2 {[%emt 0:00:53][%mdl 8192] Prevents e5.} (12... hxg4 13. a3 gxf3) (12... hxg4 $11 13. a3 gxf3) 13. Bxc4 $18 bxc4 14. e5 dxe5 15. dxe5 Nd5 16. gxh5 Bxe5 17. f4 (17. Nge4) (17. Nge4 $142) 17... Bxc3 18. bxc3 {[%emt 0:00:36] And now hxg6 would win.} Qf6 19. Ne4 Qf5 {[%emt 0:01:26] [#]} 20. Ng3 (20. Rd4 $1 $18 {has better winning chances.}) 20... Qg4 $16 21. Rxd5 exd5 22. Bd4 {[%emt 0:01:03] With the idea Rg1.} Re8 (22... gxh5 $2 23. Rg1 Kh7 24. Ne2 Qxg1+ 25. Nxg1 $18) (22... Bd7 $1 $11) 23. hxg6 fxg6 24. h5 g5 25. fxg5 (25. h6 $1 $14 Kh7 26. Nh5 (26. fxg5 Qxg5+ 27. Kb1 Be6 $11)) 25... Qxg5+ $15 26. Kb1 Rb8+ (26... c5 $5 27. Rg1 (27. Rf1 Ra7 $17) 27... Rb8+ 28. Ka1 Bg4 29. Bxc5 Qg7 $17) 27. Ka1 Rf8 28. Qe1 (28. h6 Rf7 29. Ne2) (28. h6 $11 {and White has nothing to worry.} Rf7 29. Ne2) 28... Bg4 $19 29. h6 {[%emt 0:09:45] [#]} (29. Rg1 $142) 29... Kh7 $1 30. Nf1 Rbe8 31. Qb1 (31. Ne3 {was the only defense.}) 31... Qf4 32. Nh2 Bh5 {[%emt 0:00:00] Hoping for ...Re2.} 33. Qb7 Qd6 {[%emt 0:00:00] ...Rb8 is the strong threat.} 34. Qa7 (34. Rg1 $142) 34... Rf7 35. Bc5 Qc6 {[%emt 0:00:00] White must now prevent ...Ra8.} 36. Be3 Qe6 (36... d4 $142 37. Rf1 dxe3) 37. Re1 Qd6 {[%emt 0:00:00] aiming for ...Qa3.} 38. Nf1 c5 {[%emt 0:00:00] Quite a comeback for Black.  Weighted Error Value: White=1.08/Black=0.56} 0-1

[Event "21st IPCA World Championship 2022"]
[Site "Ashdod"]
[Date "2022.05.13"]
[Round "6.8"]
[White "Shapiro, Benny"]
[Black "Oliel, Yehonatan"]
[Result "1-0"]
[ECO "E16"]
[WhiteElo "1884"]
[BlackElo "1535"]
[Annotator "NA RC COMBH"]
[PlyCount "51"]
[EventDate "2022.05.09"]
[EventType "swiss"]
[EventCountry "ISR"]
[SourceTitle "playchess.com"]
[Source "ChessBase"]
[SourceQuality "1"]
[TimeControl "5400+30"]

1. d4 Nf6 2. Nf3 e6 3. c4 b6 4. g3 Bb7 5. Bg2 c5 6. d5 exd5 7. Nh4 d6 8. Nc3 Nc6 9. cxd5 Ne7 10. Bg5 Ng6 11. Nf5 $16 h6 12. Bxf6 Qxf6 13. Qa4+ Kd8 14. Bh3 a6 {[%emt 0:11:06] [#]} 15. Nxg7 $1 Qe7 16. Nf5 Qc7 17. f4 Ne7 18. Nxd6 Qxd6 {[%emt 0:03:48] [#]} 19. Ne4 $1 ({Weaker is} 19. e4 b5 20. Qc2 Bg7 $11) 19... Qc7 20. d6 Qc6 21. dxe7+ Bxe7 22. O-O-O+ Kc7 23. Rd7+ Kb8 24. Qxc6 Bxc6 25. Rxe7 Rd8 26. Rd1 1-0

[Event "21st IPCA World Championship 2022"]
[Site "Ashdod"]
[Date "2022.05.13"]
[Round "6.9"]
[White "Freiberg, Doron"]
[Black "Mekus, Manuela"]
[Result "0-1"]
[ECO "E67"]
[WhiteElo "1244"]
[BlackElo "1644"]
[Annotator "NA RC COMBH"]
[PlyCount "82"]
[EventDate "2022.05.09"]
[EventType "swiss"]
[EventCountry "ISR"]
[SourceTitle "playchess.com"]
[Source "ChessBase"]
[SourceQuality "1"]
[TimeControl "5400+30"]

1. d4 Nf6 2. Nf3 g6 3. g3 Bg7 4. Bg2 d6 5. O-O O-O 6. c4 Nbd7 7. Nc3 e5 8. d5 a5 9. Bg5 h6 10. Bd2 Nc5 11. Qc1 Kh7 12. Be3 Nfe4 13. Nd2 Nxd2 14. Qxd2 f5 15. Bxc5 dxc5 16. Na4 Qd6 17. Nc3 c6 18. Rad1 e4 19. f3 e3 20. Qc2 Bd4 21. dxc6 bxc6 22. f4 Rb8 23. Kh1 Be6 24. Rf3 Qc7 25. b3 Kg7 26. Rb1 Bd7 27. Nd1 Rbe8 28. Qc1 g5 29. fxg5 hxg5 30. Nxe3 g4 31. Nxf5+ Bxf5 32. Qg5+ Bg6 33. Rxf8 Rxf8 34. Be4 Qd6 35. Rd1 Qe6 36. Bd3 Rf2 37. Rc1 Rxe2 38. Rf1 Re1 39. Qxg6+ Qxg6 40. Rxe1 Qxd3 41. Rf1 Qe2 0-1

[Event "21st IPCA World Championship 2022"]
[Site "Ashdod"]
[Date "2022.05.13"]
[Round "6.10"]
[White "Vardi, Moshe"]
[Black "Frumin, Rebeka"]
[Result "1/2-1/2"]
[ECO "C44"]
[WhiteElo "1631"]
[BlackElo "1319"]
[Annotator "NA RC COMBH"]
[PlyCount "41"]
[EventDate "2022.05.09"]
[EventType "swiss"]
[EventCountry "ISR"]
[SourceTitle "playchess.com"]
[Source "ChessBase"]
[SourceQuality "1"]
[TimeControl "5400+30"]

1. e4 e5 2. Nf3 Nc6 3. d4 exd4 4. Bc4 Bb4+ 5. c3 dxc3 6. bxc3 Bc5 7. Ng5 Ne5 8. Bb3 Nf6 9. f4 Neg4 10. Bxf7+ Kf8 11. Ba3 Qe7 12. Bxc5 Qxc5 13. Qf3 Qe3+ 14. Qxe3 Nxe3 15. Kd2 Nxg2 16. e5 Ne8 17. Rg1 Nxf4 18. Rf1 h6 19. Ne6+ Nxe6 20. Bxe6+ Ke7 21. Bh3 1/2-1/2

[Event "21st IPCA World Championship 2022"]
[Site "Ashdod"]
[Date "2022.05.13"]
[Round "6.11"]
[White "Klein, Djimmy"]
[Black "Shchukina, Ekaterina"]
[Result "1/2-1/2"]
[ECO "D02"]
[WhiteElo "1392"]
[BlackElo "1496"]
[Annotator "NA RC COMBH"]
[PlyCount "137"]
[EventDate "2022.05.09"]
[EventType "swiss"]
[EventCountry "ISR"]
[SourceTitle "playchess.com"]
[Source "ChessBase"]
[SourceQuality "1"]
[TimeControl "5400+30"]

1. d4 Nf6 2. Nf3 g6 3. g3 Bg7 4. Bg2 O-O 5. O-O d5 6. Bf4 c6 7. a4 Nbd7 8. Nbd2 Nh5 9. Be3 e5 10. dxe5 Nxe5 11. Bd4 Nxf3+ 12. Nxf3 Nf6 13. c3 Re8 14. b4 Ne4 15. Rc1 a5 16. Bxg7 Kxg7 17. Qd4+ Qf6 18. b5 cxb5 19. axb5 Be6 20. Rfd1 Rac8 21. Rd3 Rc4 22. Qxf6+ Kxf6 23. Nd2 Nxd2 24. Rxd2 Rc5 25. Rb2 Bd7 26. b6 Bc6 27. e3 Ke6 28. Kf1 Bb5+ 29. Ke1 Kd6 30. Bf1 Bxf1 31. Kxf1 Rec8 32. f3 Rxc3 33. Rxc3 Rxc3 34. Ke2 Kc6 35. Kd2 Rc5 36. Kd3 Rb5 37. Rc2+ Kxb6 38. g4 Rc5 39. Ra2 Kc6 40. f4 f6 41. h4 h6 42. f5 g5 43. hxg5 hxg5 44. Rh2 Kd6 45. Rh8 Rc4 46. Re8 Rxg4 47. Re6+ Kd7 48. Rxf6 Ke7 49. Rb6 a4 50. Rxb7+ Kf6 51. Rb5 Kxf5 52. Rxd5+ Ke6 53. Ra5 Kf6 54. e4 Rg3+ 55. Kd4 a3 56. e5+ Kf5 57. Ra6 Rg4+ 58. Kd5 Rg3 59. Rf6+ Kg4 60. e6 a2 61. Rf1 Ra3 62. Ra1 Ra5+ 63. Kd6 Ra6+ 64. Ke7 Kf5 65. Rf1+ Ke5 66. Re1+ Kd5 67. Rd1+ Ke5 68. Re1+ Kf5 69. Rf1+ 1/2-1/2

[Event "21st IPCA World Championship 2022"]
[Site "Ashdod"]
[Date "2022.05.13"]
[Round "6.12"]
[White "Volodarsky, Michael"]
[Black "Pilimon, Zbigniew"]
[Result "0-1"]
[ECO "E14"]
[WhiteElo "1400"]
[BlackElo "1620"]
[Annotator "NA RC COMBH"]
[PlyCount "92"]
[EventDate "2022.05.09"]
[EventType "swiss"]
[EventCountry "ISR"]
[SourceTitle "playchess.com"]
[Source "ChessBase"]
[SourceQuality "1"]
[TimeControl "5400+30"]

1. d4 Nf6 2. c4 e6 3. Nc3 d5 4. e3 Be7 5. Nf3 Nbd7 6. cxd5 exd5 7. Bd3 b6 8. O-O Bb7 9. Bd2 O-O 10. Rc1 c5 11. Re1 c4 12. Bc2 a6 13. a4 Ne4 14. Nxe4 dxe4 15. Ne5 b5 16. axb5 axb5 17. Qg4 Nxe5 18. dxe5 Qc8 19. Qxc8 Rfxc8 20. Ra1 b4 21. Reb1 Bc6 22. Kf1 Kf8 23. b3 c3 24. Be1 Bb5+ 25. Kg1 Bd3 26. Bxd3 exd3 27. Rd1 d2 28. Rxa8 Rxa8 29. Bxd2 cxd2 30. Kf1 Ra2 31. Ke2 h5 32. Kd3 Ke8 33. h3 g6 34. g4 hxg4 35. hxg4 Bh4 36. Ke2 Ke7 37. Kf3 Ke6 38. Rh1 Rc2 39. Rd1 Kxe5 40. Ke2 Rb2 41. f4+ Ke4 42. Rxd2 Rxd2+ 43. Kxd2 Bf2 44. f5 Bxe3+ 45. Ke2 g5 46. f6 Bd4 0-1